[ PARTIDA AOE2 · #476610572 ]
UnrankedSicilianos vs Goths
[ ANÁLISIS DE REPETICIÓN · EXTRAÍDO DE LA PARTIDA GRABADA ]
Feudal
12:50
Castillos
17:38
Imperial
—
| APM promedio | 29.6 |
| APM pico | 53 |
| eAPM promedio | 19.1 |
| Aldeanos / militares | 161 / 60 |
Foco
⚔️ 30.5% · 🌾 69.5%
Serjeant ×56 · Fishing Ship ×12 · Demolition Raft ×4
Feudal
13:12
Castillos
17:14
Imperial
34:08
| APM promedio | 49.7 |
| APM pico | 91 |
| eAPM promedio | 20.7 |
| Aldeanos / militares | 115 / 107 |
Foco
⚔️ 21.1% · 🌾 78.9%
Knight ×84 · Fishing Ship ×14 · Camel Scout ×9 · Battering Ram ×8 · Bombard Cannon ×4 · Monk ×2
Feudal
13:32
Castillos
17:35
Imperial
38:20
| APM promedio | 50.8 |
| APM pico | 122 |
| eAPM promedio | 26.4 |
| Aldeanos / militares | 157 / 37 |
Foco
⚔️ 23.7% · 🌾 76.3%
Huskarl ×34 · Fishing Ship ×6 · Trebuchet (Packed) ×2 · Transport Ship ×1
Feudal
11:33
Castillos
22:02
Imperial
—
| APM promedio | 24.5 |
| APM pico | 81 |
| eAPM promedio | 12.4 |
| Aldeanos / militares | 61 / 15 |
Foco
⚔️ 31.2% · 🌾 68.8%
Camel Scout ×10 · Fishing Ship ×6 · Spearman ×3 · Galley ×1 · Scout Cavalry ×1
Feudal
12:46
Castillos
20:07
Imperial
—
| APM promedio | 38.2 |
| APM pico | 88 |
| eAPM promedio | 20.9 |
| Aldeanos / militares | 76 / 54 |
Foco
⚔️ 21.8% · 🌾 78.2%
Skirmisher ×31 · Archer ×16 · Fishing Ship ×12 · Unknown (2626) ×5 · Galley ×4 · Fire Galley ×2
Feudal
13:47
Castillos
19:29
Imperial
—
| APM promedio | 15.9 |
| APM pico | 64 |
| eAPM promedio | 7.5 |
| Aldeanos / militares | 27 / 0 |
Foco
⚔️ 24.7% · 🌾 75.3%
Fishing Ship ×14 · Unknown (1952) ×3 · Unknown (2626) ×2
Feudal
13:11
Castillos
22:21
Imperial
—
| APM promedio | 44.1 |
| APM pico | 78 |
| eAPM promedio | 22.3 |
| Aldeanos / militares | 129 / 0 |
Foco
⚔️ 18.2% · 🌾 81.8%
Fishing Ship ×28 · Unknown (2626) ×7 · Unknown (1968) ×3
Feudal
15:22
Castillos
19:02
Imperial
—
| APM promedio | 45.6 |
| APM pico | 89 |
| eAPM promedio | 26.7 |
| Aldeanos / militares | 126 / 50 |
Foco
⚔️ 44.4% · 🌾 55.6%
Mangudai ×41 · Knight ×5 · Monk ×2 · Battering Ram ×1 · Scout Cavalry ×1
Mapa de la partida
Recursos iniciales + cada clic de construcción. Líneas = muros · curvas = relieve. ◆ oro · ⬟ piedra · ● bayas · ✦ reliquia · ◌ hueco del cierre
Tu base· Abierta — flanco sin cerrar
Base de DiegoRosi· Abierta — hueco de 4t
Base de Jjota· Abierta — hueco de 12t
Base de [ADV] La Promesa· Abierta — hueco de 5t
Base de feren· Abierta — hueco de 7t
Base de JRazzz· Abierta — flanco sin cerrar
Base de OX | FIGO· Abierta — flanco sin cerrar
Base de YouteGG_Togin_Shi· Abierta — flanco sin cerrar
Terreno inicial suavizado · ◌ = hueco del cierre detectado · pasá el cursor para detalles
Inputs por minuto
— miki_bb - - DiegoRosi
Build order — miki_bb
Primeras 150 de 386 acciones detectadas
| 0:36 | Construir | Town Center |
| 1:48 | Construir | Dock |
| 1:54 | Construir | House |
| 2:51 | Crear | Villager (Male) |
| 2:51 | Crear | Villager (Male) |
| 2:51 | Crear | Villager (Male) |
| 2:51 | Crear | Villager (Male) |
| 2:52 | Crear | Villager (Male) |
| 4:05 | Crear | Fishing Ship |
| 4:05 | Crear | Fishing Ship |
| 4:41 | Crear | Villager (Male) |
| 4:41 | Crear | Villager (Male) |
| 4:46 | Construir | House |
| 4:52 | Construir | House |
| 4:54 | Crear | Fishing Ship |
| 5:15 | Investigar | Loom |
| 5:31 | Construir | House |
| 5:41 | Crear | Fishing Ship |
| 6:07 | Crear | Villager (Male) |
| 6:20 | Crear | Fishing Ship |
| 6:43 | Crear | Villager (Male) |
| 6:55 | Crear | Villager (Male) |
| 6:56 | Crear | Villager (Male) |
| 6:57 | Crear | Fishing Ship |
| 7:19 | Crear | Villager (Male) |
| 7:19 | Crear | Villager (Male) |
| 7:39 | Crear | Villager (Male) |
| 7:39 | Crear | Villager (Male) |
| 7:47 | Crear | Villager (Male) |
| 7:48 | Crear | Fishing Ship |
| 8:00 | Construir | House |
| 8:27 | Crear | Villager (Male) |
| 8:30 | Crear | Fishing Ship |
| 8:48 | Crear | Villager (Male) |
| 9:10 | Construir | Outpost |
| 9:11 | Crear | Villager (Male) |
| 9:12 | Crear | Fishing Ship |
| 9:33 | Crear | Villager (Male) |
| 10:00 | Construir | House |
| 10:07 | Construir | Mill |
| 10:17 | Construir | House |
| 10:39 | Investigar | Feudal Age |
| 10:39 | Investigar | Feudal Age |
| 12:05 | Crear | Villager (Male) |
| 12:05 | Crear | Villager (Male) |
| 12:10 | Crear | Fishing Ship |
| 12:50 | Edad | Edad Feudal |
| 12:57 | Construir | Market |
| 13:02 | Construir | Blacksmith |
| 13:15 | Investigar | Town Watch |
| 13:46 | Construir | Palisade Wall |
| 13:48 | Crear | Villager (Male) |
| 14:16 | Construir | Dock |
| 14:58 | Investigar | Castle Age |
| 15:02 | Construir | Mining Camp |
| 15:42 | Construir | Palisade Wall |
| 16:05 | Construir | Palisade Wall |
| 16:06 | Construir | Palisade Wall |
| 16:09 | Construir | Palisade Wall |
| 16:21 | Construir | Lumber Camp |
| 16:54 | Construir | House |
| 17:02 | Investigar | Double-Bit Axe |
| 17:04 | Crear | Villager (Male) |
| 17:20 | Investigar | Stone Mining |
| 17:23 | Investigar | Gold Mining |
| 17:34 | Crear | Villager (Male) |
| 17:38 | Edad | Edad de los Castillos |
| 17:43 | Construir | Castle |
| 17:43 | Crear | Villager (Male) |
| 17:43 | Crear | Villager (Male) |
| 17:45 | Crear | Villager (Male) |
| 17:56 | Construir | Castle |
| 17:57 | Crear | Villager (Male) |
| 18:04 | Construir | Palisade Gate |
| 18:41 | Crear | Villager (Male) |
| 18:41 | Crear | Villager (Male) |
| 18:46 | Crear | Villager (Male) |
| 18:51 | Crear | Serjeant |
| 18:51 | Crear | Serjeant |
| 18:52 | Crear | Serjeant |
| 18:53 | Crear | Villager (Male) |
| 18:54 | Crear | Villager (Male) |
| 19:09 | Crear | Serjeant |
| 19:09 | Crear | Serjeant |
| 19:37 | Crear | Villager (Male) |
| 19:52 | Crear | Villager (Male) |
| 19:52 | Crear | Villager (Male) |
| 20:08 | Construir | Donjon |
| 20:08 | Crear | Villager (Male) |
| 20:08 | Crear | Villager (Male) |
| 20:10 | Crear | Villager (Male) |
| 20:11 | Crear | Villager (Male) |
| 20:13 | Crear | Villager (Male) |
| 20:13 | Crear | Villager (Male) |
| 20:14 | Crear | Villager (Male) |
| 20:15 | Crear | Villager (Male) |
| 20:38 | Investigar | Scale Mail Armor |
| 20:39 | Crear | Villager (Male) |
| 20:39 | Crear | Villager (Male) |
| 20:39 | Crear | Villager (Male) |
| 20:48 | Crear | Villager (Male) |
| 20:49 | Crear | Villager (Male) |
| 21:09 | Crear | Serjeant |
| 21:09 | Crear | Serjeant |
| 21:16 | Construir | Town Center |
| 21:24 | Crear | Villager (Male) |
| 21:25 | Crear | Villager (Male) |
| 21:37 | Crear | Demolition Raft |
| 21:38 | Crear | Demolition Raft |
| 21:53 | Crear | Villager (Male) |
| 21:53 | Crear | Villager (Male) |
| 21:59 | Crear | Villager (Male) |
| 22:05 | Crear | Villager (Male) |
| 22:06 | Crear | Villager (Male) |
| 22:20 | Construir | Town Center |
| 22:29 | Crear | Demolition Raft |
| 22:29 | Crear | Demolition Raft |
| 22:34 | Crear | Fishing Ship |
| 22:34 | Crear | Fishing Ship |
| 22:37 | Crear | Villager (Male) |
| 22:51 | Crear | Villager (Male) |
| 23:00 | Crear | Villager (Male) |
| 23:01 | Crear | Villager (Male) |
| 23:10 | Crear | Villager (Male) |
| 23:10 | Crear | Villager (Male) |
| 23:11 | Crear | Villager (Male) |
| 23:11 | Crear | Villager (Male) |
| 23:29 | Construir | Farm |
| 23:29 | Construir | Farm |
| 23:30 | Construir | Farm |
| 23:30 | Construir | Farm |
| 23:35 | Investigar | Horse Collar |
| 23:36 | Construir | Farm |
| 23:37 | Construir | Farm |
| 23:37 | Construir | Farm |
| 23:37 | Construir | Farm |
| 23:37 | Construir | Farm |
| 23:55 | Construir | Farm |
| 23:58 | Crear | Villager (Male) |
| 23:58 | Crear | Villager (Male) |
| 24:10 | Construir | Farm |
| 24:10 | Construir | Farm |
| 24:10 | Construir | Farm |
| 24:12 | Crear | Villager (Male) |
| 24:13 | Crear | Villager (Male) |
| 24:16 | Crear | Villager (Male) |
| 24:20 | Construir | Farm |
| 24:43 | Construir | Farm |
| 24:43 | Construir | Farm |
| 24:43 | Construir | Farm |
Build order — DiegoRosi
Primeras 150 de 328 acciones detectadas
| 0:42 | Construir | Town Center |
| 1:25 | Construir | Dock |
| 1:27 | Construir | House |
| 2:51 | Crear | Villager (Male) |
| 2:52 | Crear | Villager (Male) |
| 2:52 | Crear | Villager (Male) |
| 2:52 | Crear | Villager (Male) |
| 2:53 | Crear | Villager (Male) |
| 2:57 | Crear | Fishing Ship |
| 4:20 | Crear | Villager (Male) |
| 4:20 | Crear | Villager (Male) |
| 4:23 | Crear | Fishing Ship |
| 4:23 | Crear | Fishing Ship |
| 4:33 | Construir | House |
| 5:09 | Investigar | Loom |
| 5:33 | Crear | Villager (Male) |
| 5:33 | Crear | Villager (Male) |
| 5:34 | Crear | Villager (Male) |
| 5:36 | Crear | Fishing Ship |
| 5:36 | Crear | Fishing Ship |
| 6:01 | Construir | House |
| 6:23 | Crear | Villager (Male) |
| 6:23 | Crear | Villager (Male) |
| 6:24 | Crear | Villager (Male) |
| 6:33 | Crear | Fishing Ship |
| 6:33 | Crear | Fishing Ship |
| 6:57 | Crear | Villager (Male) |
| 7:11 | Crear | Villager (Male) |
| 7:12 | Crear | Fishing Ship |
| 7:13 | Crear | Fishing Ship |
| 7:40 | Crear | Villager (Male) |
| 7:43 | Construir | House |
| 7:58 | Crear | Villager (Male) |
| 8:01 | Crear | Fishing Ship |
| 8:41 | Crear | Villager (Male) |
| 8:53 | Construir | Mill |
| 9:24 | Crear | Villager (Male) |
| 9:24 | Crear | Villager (Male) |
| 9:32 | Crear | Villager (Male) |
| 9:38 | Crear | Fishing Ship |
| 9:38 | Crear | Fishing Ship |
| 9:42 | Construir | House |
| 10:13 | Crear | Villager (Male) |
| 10:39 | Crear | Fishing Ship |
| 10:48 | Investigar | Feudal Age |
| 11:46 | Construir | House |
| 12:23 | Construir | Dock |
| 12:54 | Crear | Villager (Male) |
| 13:12 | Edad | Edad Feudal |
| 13:16 | Construir | Market |
| 13:17 | Crear | Villager (Male) |
| 13:43 | Crear | Villager (Male) |
| 13:58 | Crear | Villager (Male) |
| 14:03 | Construir | Blacksmith |
| 14:49 | Investigar | Castle Age |
| 14:49 | Investigar | Castle Age |
| 15:00 | Construir | Barracks |
| 15:11 | Crear | Fishing Ship |
| 15:44 | Construir | Lumber Camp |
| 16:24 | Construir | House |
| 16:25 | Construir | House |
| 16:43 | Construir | Stable |
| 16:52 | Investigar | Horse Collar |
| 16:56 | Crear | Villager (Male) |
| 16:56 | Crear | Villager (Male) |
| 16:59 | Investigar | Scale Barding Armor |
| 17:14 | Edad | Edad de los Castillos |
| 17:19 | Construir | Town Center |
| 17:28 | Crear | Villager (Male) |
| 17:41 | Construir | House |
| 17:49 | Crear | Knight |
| 17:50 | Crear | Knight |
| 17:52 | Crear | Villager (Male) |
| 18:01 | Crear | Villager (Male) |
| 18:19 | Construir | Town Center |
| 18:21 | Crear | Villager (Male) ×5 |
| 18:28 | Crear | Knight |
| 18:56 | Investigar | Forging |
| 19:18 | Investigar | Chain Barding Armor |
| 19:20 | Crear | Knight |
| 19:20 | Crear | Knight |
| 19:33 | Crear | Villager (Male) |
| 19:33 | Crear | Villager (Male) |
| 19:42 | Crear | Villager (Male) ×3 |
| 19:57 | Crear | Knight |
| 19:58 | Crear | Knight |
| 20:01 | Construir | Farm |
| 20:15 | Crear | Villager (Male) |
| 20:27 | Construir | Siege Workshop |
| 20:46 | Crear | Knight |
| 20:47 | Crear | Knight |
| 21:09 | Crear | Villager (Male) ×2 |
| 21:23 | Crear | Villager (Male) ×2 |
| 21:34 | Crear | Villager (Male) ×2 |
| 21:42 | Crear | Battering Ram |
| 21:45 | Construir | Farm |
| 21:45 | Construir | Farm |
| 21:45 | Construir | Farm |
| 21:46 | Construir | Farm |
| 21:46 | Construir | Farm |
| 22:05 | Crear | Villager (Male) ×2 |
| 22:13 | Construir | House |
| 22:13 | Construir | House |
| 22:13 | Construir | House |
| 22:14 | Construir | House |
| 22:15 | Crear | Villager (Male) |
| 22:15 | Crear | Villager (Male) |
| 22:16 | Crear | Villager (Male) |
| 22:52 | Crear | Villager (Male) ×4 |
| 22:56 | Crear | Battering Ram |
| 23:08 | Crear | Villager (Male) |
| 23:14 | Construir | Farm |
| 23:16 | Construir | Farm |
| 23:16 | Construir | Farm |
| 23:17 | Construir | Farm |
| 23:17 | Construir | Farm |
| 23:17 | Construir | Farm |
| 23:17 | Construir | Farm |
| 23:18 | Construir | Farm |
| 23:18 | Construir | Farm |
| 23:18 | Construir | Farm |
| 23:18 | Construir | Farm |
| 23:19 | Crear | Villager (Male) ×2 |
| 23:54 | Construir | Farm |
| 24:05 | Investigar | Bloodlines |
| 24:11 | Crear | Villager (Male) |
| 24:18 | Construir | Dock |
| 24:19 | Crear | Villager (Male) |
| 24:21 | Construir | Farm |
| 24:21 | Construir | Farm |
| 24:21 | Construir | Farm |
| 24:22 | Construir | Farm |
| 24:22 | Construir | Farm |
| 24:22 | Construir | Farm |
| 24:23 | Construir | Farm |
| 24:23 | Construir | Farm |
| 24:23 | Construir | Farm |
| 24:30 | Construir | House |
| 24:30 | Construir | House |
| 24:30 | Construir | House |
| 24:31 | Construir | House |
| 24:31 | Construir | House |
| 24:46 | Crear | Knight |
| 24:47 | Crear | Camel Scout |
| 24:47 | Crear | Camel Scout |
| 25:26 | Crear | Villager (Male) ×5 |
| 25:29 | Investigar | Forging |
| 25:31 | Construir | Farm |
| 25:32 | Construir | Farm |
| 25:32 | Construir | Farm |
Build order — Jjota
Primeras 150 de 361 acciones detectadas
| 0:03 | Construir | Town Center |
| 1:11 | Construir | Dock |
| 1:15 | Construir | House |
| 2:30 | Crear | Villager (Male) |
| 2:30 | Crear | Villager (Male) |
| 2:30 | Crear | Villager (Male) |
| 2:30 | Crear | Villager (Male) |
| 3:14 | Construir | House |
| 3:47 | Investigar | Loom |
| 4:16 | Crear | Fishing Ship |
| 4:18 | Crear | Villager (Male) |
| 4:18 | Crear | Villager (Male) |
| 4:48 | Crear | Villager (Male) |
| 4:48 | Crear | Villager (Male) |
| 4:54 | Construir | House |
| 5:13 | Crear | Villager (Male) |
| 5:13 | Crear | Villager (Male) |
| 5:46 | Crear | Villager (Male) |
| 5:47 | Crear | Villager (Male) |
| 5:52 | Construir | House |
| 6:25 | Crear | Villager (Male) |
| 6:25 | Crear | Villager (Male) |
| 6:27 | Crear | Fishing Ship |
| 6:38 | Crear | Villager (Male) |
| 6:38 | Crear | Villager (Male) |
| 6:39 | Crear | Villager (Male) |
| 6:52 | Crear | Villager (Male) |
| 6:52 | Crear | Villager (Male) |
| 6:52 | Crear | Villager (Male) |
| 7:21 | Crear | Fishing Ship |
| 7:22 | Crear | Fishing Ship |
| 7:25 | Construir | House |
| 7:27 | Crear | Villager (Male) |
| 7:27 | Crear | Villager (Male) |
| 7:27 | Crear | Villager (Male) |
| 8:08 | Crear | Fishing Ship |
| 8:13 | Crear | Villager (Male) |
| 8:13 | Crear | Villager (Male) |
| 8:13 | Crear | Villager (Male) |
| 8:15 | Crear | Villager (Male) |
| 8:15 | Crear | Villager (Male) |
| 8:43 | Crear | Villager (Male) |
| 8:44 | Crear | Villager (Male) |
| 8:44 | Crear | Villager (Male) |
| 9:03 | Construir | Mill |
| 9:25 | Crear | Villager (Male) |
| 9:25 | Crear | Villager (Male) |
| 9:26 | Crear | Villager (Male) |
| 9:43 | Crear | Fishing Ship |
| 10:24 | Construir | Mill |
| 10:40 | Crear | Villager (Male) |
| 11:22 | Investigar | Feudal Age |
| 11:22 | Investigar | Feudal Age |
| 12:36 | Construir | Mining Camp |
| 13:32 | Edad | Edad Feudal |
| 13:38 | Construir | Market |
| 13:41 | Construir | Blacksmith |
| 13:42 | Crear | Villager (Male) |
| 13:42 | Crear | Villager (Male) |
| 13:55 | Crear | Transport Ship |
| 14:55 | Investigar | Castle Age |
| 15:04 | Construir | Mining Camp |
| 16:58 | Crear | Villager (Male) |
| 16:58 | Crear | Villager (Male) |
| 17:17 | Construir | Palisade Wall |
| 17:35 | Edad | Edad de los Castillos |
| 18:07 | Construir | House |
| 18:11 | Construir | House |
| 18:41 | Construir | Castle |
| 18:52 | Construir | Palisade Wall |
| 18:57 | Construir | Palisade Gate |
| 19:08 | Crear | Villager (Male) |
| 19:08 | Crear | Villager (Male) |
| 19:08 | Crear | Villager (Male) |
| 19:34 | Construir | Town Center |
| 19:42 | Crear | Villager (Male) |
| 19:42 | Crear | Villager (Male) |
| 19:58 | Crear | Huskarl |
| 19:58 | Crear | Huskarl |
| 20:35 | Crear | Huskarl |
| 20:44 | Crear | Villager (Male) |
| 20:45 | Crear | Villager (Male) |
| 20:45 | Crear | Villager (Male) |
| 21:06 | Crear | Villager (Male) |
| 21:06 | Crear | Villager (Male) |
| 21:18 | Construir | Town Center |
| 21:27 | Crear | Villager (Male) |
| 21:28 | Crear | Villager (Male) |
| 21:28 | Crear | Villager (Male) |
| 21:31 | Construir | Lumber Camp |
| 21:54 | Crear | Villager (Male) |
| 21:54 | Crear | Villager (Male) |
| 21:55 | Crear | Villager (Male) |
| 21:57 | Construir | Farm |
| 21:58 | Construir | Farm |
| 22:00 | Construir | Farm |
| 22:01 | Construir | Farm |
| 22:02 | Construir | Farm |
| 22:05 | Crear | Villager (Male) |
| 22:05 | Crear | Villager (Male) |
| 22:26 | Crear | Villager (Male) |
| 22:26 | Crear | Villager (Male) |
| 23:02 | Crear | Villager (Male) |
| 23:02 | Crear | Villager (Male) |
| 23:03 | Crear | Villager (Male) |
| 23:04 | Crear | Villager (Male) |
| 23:05 | Crear | Villager (Male) |
| 23:09 | Construir | Farm |
| 23:09 | Construir | Farm |
| 23:09 | Construir | Farm |
| 23:09 | Construir | Farm |
| 23:10 | Construir | Farm |
| 23:18 | Crear | Villager (Male) |
| 23:18 | Crear | Villager (Male) |
| 23:18 | Crear | Villager (Male) |
| 23:44 | Crear | Villager (Male) |
| 23:45 | Crear | Villager (Male) |
| 23:45 | Crear | Villager (Male) |
| 23:45 | Crear | Villager (Male) |
| 23:47 | Construir | Farm |
| 23:50 | Construir | Farm |
| 24:10 | Crear | Villager (Male) |
| 24:10 | Crear | Villager (Male) |
| 24:26 | Construir | Watch Tower |
| 24:33 | Investigar | Fletching |
| 24:34 | Investigar | Double-Bit Axe |
| 24:38 | Construir | Farm |
| 24:38 | Construir | Farm |
| 24:38 | Construir | Farm |
| 24:39 | Construir | Farm |
| 24:39 | Construir | Farm |
| 24:39 | Construir | Farm |
| 24:39 | Construir | Farm |
| 24:39 | Construir | Farm |
| 25:06 | Crear | Villager (Male) |
| 25:07 | Crear | Villager (Male) |
| 25:07 | Crear | Villager (Male) |
| 25:29 | Crear | Villager (Male) |
| 25:29 | Crear | Villager (Male) |
| 25:30 | Crear | Villager (Male) |
| 25:45 | Construir | House |
| 25:45 | Crear | Villager (Male) |
| 25:46 | Crear | Villager (Male) |
| 25:46 | Crear | Villager (Male) |
| 25:55 | Crear | Villager (Male) |
| 25:55 | Crear | Villager (Male) |
| 25:56 | Construir | Farm |
| 25:57 | Construir | Farm |
| 25:57 | Construir | Farm |
| 25:57 | Construir | Farm |
Build order — [ADV] La Promesa
Primeras 150 de 154 acciones detectadas
| 0:17 | Construir | Town Center |
| 0:36 | Construir | House |
| 1:55 | Construir | Dock |
| 1:56 | Construir | Dock |
| 2:39 | Crear | Villager (Male) |
| 2:40 | Crear | Villager (Male) |
| 2:40 | Crear | Fishing Ship |
| 3:37 | Crear | Villager (Male) |
| 3:37 | Crear | Villager (Male) |
| 3:38 | Crear | Villager (Male) |
| 3:38 | Crear | Villager (Male) |
| 4:24 | Crear | Fishing Ship |
| 4:40 | Crear | Villager (Male) |
| 4:40 | Crear | Villager (Male) |
| 4:52 | Construir | House |
| 4:54 | Investigar | Loom |
| 4:54 | Investigar | Loom |
| 5:08 | Construir | House |
| 5:20 | Crear | Villager (Male) |
| 5:59 | Crear | Villager (Male) |
| 5:59 | Crear | Villager (Male) |
| 6:21 | Crear | Villager (Male) |
| 6:22 | Crear | Villager (Male) |
| 6:22 | Crear | Villager (Male) |
| 6:45 | Crear | Villager (Male) |
| 6:58 | Crear | Villager (Male) |
| 6:58 | Crear | Fishing Ship |
| 7:25 | Crear | Villager (Male) |
| 7:42 | Crear | Villager (Male) |
| 7:45 | Construir | House |
| 8:17 | Crear | Villager (Male) |
| 8:28 | Construir | House |
| 8:51 | Construir | Lumber Camp |
| 8:59 | Crear | Villager (Male) |
| 9:30 | Investigar | Feudal Age |
| 9:30 | Investigar | Feudal Age |
| 10:14 | Construir | House |
| 10:38 | Construir | Barracks |
| 10:50 | Crear | Villager (Male) |
| 11:21 | Crear | Fishing Ship |
| 11:33 | Edad | Edad Feudal |
| 11:39 | Crear | Galley |
| 11:45 | Construir | Stable |
| 11:55 | Crear | Villager (Male) |
| 12:08 | Construir | Palisade Wall |
| 12:15 | Construir | Palisade Gate |
| 12:18 | Crear | Villager (Male) |
| 12:21 | Investigar | Double-Bit Axe |
| 12:32 | Crear | Scout Cavalry |
| 12:49 | Construir | Mill |
| 13:07 | Construir | House |
| 13:09 | Construir | Palisade Wall |
| 13:14 | Crear | Villager (Male) |
| 13:48 | Crear | Villager (Male) |
| 13:51 | Investigar | Horse Collar |
| 14:10 | Construir | Mining Camp |
| 14:20 | Crear | Villager (Male) |
| 14:30 | Construir | Palisade Wall |
| 14:37 | Construir | Farm |
| 14:46 | Crear | Spearman |
| 14:57 | Crear | Villager (Male) |
| 14:58 | Crear | Villager (Male) |
| 15:19 | Crear | Fishing Ship |
| 15:23 | Crear | Villager (Male) |
| 15:43 | Investigar | Gold Mining |
| 15:47 | Construir | Farm |
| 16:05 | Crear | Fishing Ship |
| 16:13 | Crear | Villager (Male) |
| 16:18 | Construir | Farm |
| 16:37 | Crear | Villager (Male) |
| 16:41 | Construir | Farm |
| 16:50 | Construir | Palisade Wall |
| 16:55 | Crear | Villager (Male) |
| 17:13 | Crear | Villager (Male) |
| 17:29 | Crear | Villager (Male) |
| 17:35 | Construir | Farm |
| 17:36 | Construir | Farm |
| 17:45 | Construir | Palisade Gate |
| 17:49 | Construir | Palisade Wall |
| 17:51 | Construir | Palisade Wall |
| 17:59 | Crear | Villager (Male) |
| 18:11 | Construir | Palisade Wall |
| 18:26 | Crear | Villager (Male) |
| 18:36 | Construir | Blacksmith |
| 18:55 | Crear | Villager (Male) |
| 19:03 | Construir | House |
| 19:18 | Construir | Palisade Wall |
| 19:21 | Construir | Palisade Wall |
| 19:37 | Investigar | Castle Age |
| 19:42 | Investigar | Bloodlines |
| 20:01 | Investigar | Scale Barding Armor |
| 20:13 | Construir | Mining Camp |
| 20:34 | Construir | Palisade Gate |
| 20:55 | Construir | House |
| 21:00 | Construir | House |
| 21:02 | Construir | House |
| 21:08 | Crear | Spearman |
| 21:09 | Crear | Spearman |
| 21:15 | Construir | Palisade Wall |
| 22:02 | Edad | Edad de los Castillos |
| 22:05 | Crear | Camel Scout |
| 22:16 | Investigar | Husbandry |
| 22:46 | Crear | Camel Scout |
| 22:57 | Crear | Camel Scout |
| 23:03 | Crear | Villager (Male) |
| 23:03 | Crear | Villager (Male) |
| 23:03 | Crear | Villager (Male) |
| 23:04 | Crear | Villager (Male) |
| 23:32 | Construir | House |
| 23:56 | Crear | Villager (Male) |
| 24:50 | Crear | Camel Scout |
| 24:51 | Crear | Camel Scout |
| 24:53 | Crear | Villager (Male) |
| 25:50 | Crear | Villager (Male) |
| 25:50 | Crear | Villager (Male) |
| 26:16 | Crear | Villager (Male) |
| 26:32 | Construir | Castle |
| 26:38 | Crear | Camel Scout |
| 26:42 | Construir | House |
| 26:46 | Crear | Camel Scout |
| 26:47 | Crear | Villager (Male) |
| 26:51 | Construir | House |
| 27:19 | Crear | Villager (Male) |
| 27:56 | Crear | Villager (Male) |
| 28:01 | Investigar | Bow Saw |
| 28:04 | Crear | Villager (Male) |
| 28:10 | Investigar | Fletching |
| 28:36 | Crear | Camel Scout |
| 28:56 | Crear | Villager (Male) |
| 29:16 | Construir | Town Center |
| 29:21 | Crear | Camel Scout |
| 29:22 | Crear | Villager (Male) |
| 29:26 | Investigar | Forging |
| 29:29 | Crear | Villager (Male) |
| 29:29 | Crear | Villager (Male) |
| 29:41 | Construir | House |
| 29:55 | Construir | House |
| 30:09 | Construir | House |
| 30:20 | Crear | Camel Scout |
| 30:33 | Crear | Villager (Male) |
| 30:33 | Crear | Villager (Male) |
| 30:33 | Crear | Villager (Male) |
| 31:01 | Crear | Villager (Male) |
| 31:01 | Crear | Villager (Male) |
| 31:12 | Construir | Mill |
| 31:37 | Construir | House |
| 32:13 | Construir | Town Center |
| 32:18 | Crear | Villager (Male) |
| 32:19 | Crear | Villager (Male) |
| 32:53 | Construir | House |
Build order — feren
Primeras 150 de 231 acciones detectadas
| 0:11 | Construir | Town Center |
| 1:21 | Construir | Dock |
| 1:23 | Construir | House |
| 2:34 | Crear | Villager (Male) |
| 2:35 | Crear | Villager (Male) |
| 2:35 | Crear | Villager (Male) |
| 2:35 | Crear | Villager (Male) |
| 2:35 | Crear | Villager (Male) |
| 2:35 | Crear | Villager (Male) |
| 3:34 | Crear | Fishing Ship |
| 3:56 | Investigar | Loom |
| 4:11 | Crear | Villager (Male) |
| 4:29 | Investigar | Loom |
| 4:33 | Construir | House |
| 4:50 | Crear | Villager (Male) |
| 5:09 | Crear | Fishing Ship |
| 5:09 | Crear | Fishing Ship |
| 5:09 | Crear | Fishing Ship |
| 5:24 | Crear | Villager (Male) |
| 6:00 | Crear | Villager (Male) |
| 6:02 | Crear | Fishing Ship |
| 6:15 | Construir | House |
| 6:22 | Crear | Villager (Male) |
| 6:41 | Crear | Villager (Male) |
| 6:48 | Crear | Fishing Ship |
| 7:03 | Crear | Villager (Male) |
| 7:03 | Crear | Villager (Male) |
| 7:19 | Construir | House |
| 7:25 | Crear | Villager (Male) |
| 7:27 | Crear | Fishing Ship |
| 7:56 | Crear | Villager (Male) |
| 7:58 | Crear | Fishing Ship |
| 8:00 | Crear | Villager (Male) |
| 8:20 | Construir | Mill |
| 8:36 | Crear | Fishing Ship |
| 8:36 | Crear | Fishing Ship |
| 8:54 | Crear | Villager (Male) |
| 9:13 | Crear | Fishing Ship |
| 9:33 | Construir | House |
| 9:45 | Construir | House |
| 10:00 | Crear | Villager (Male) |
| 10:03 | Crear | Fishing Ship |
| 10:36 | Investigar | Feudal Age |
| 10:47 | Construir | Mining Camp |
| 11:23 | Construir | Dock |
| 11:34 | Construir | House |
| 11:36 | Construir | House |
| 11:55 | Construir | Lumber Camp |
| 12:46 | Edad | Edad Feudal |
| 12:47 | Crear | Galley |
| 12:47 | Crear | Galley |
| 12:53 | Crear | Villager (Male) |
| 13:00 | Investigar | Double-Bit Axe |
| 13:01 | Crear | Villager (Male) |
| 13:17 | Crear | Fire Galley |
| 13:21 | Crear | Villager (Male) |
| 13:37 | Construir | Blacksmith |
| 13:48 | Crear | Fire Galley |
| 14:23 | Crear | Unit 2626 |
| 14:54 | Crear | Galley |
| 14:55 | Crear | Galley |
| 15:38 | Crear | Villager (Male) |
| 15:39 | Crear | Villager (Male) |
| 15:59 | Crear | Unit 2626 |
| 15:59 | Crear | Unit 2626 |
| 16:33 | Construir | Market |
| 17:27 | Investigar | Castle Age |
| 17:59 | Crear | Unit 2626 |
| 17:59 | Crear | Unit 2626 |
| 18:43 | Construir | House |
| 18:44 | Construir | House |
| 18:47 | Construir | House |
| 19:35 | Investigar | Town Watch |
| 19:48 | Construir | Barracks |
| 20:07 | Edad | Edad de los Castillos |
| 20:15 | Crear | Villager (Male) |
| 20:19 | Construir | Town Center |
| 20:26 | Investigar | Bow Saw |
| 20:27 | Crear | Villager (Male) |
| 20:32 | Construir | Archery Range |
| 21:01 | Construir | Farm |
| 21:04 | Construir | Farm |
| 21:14 | Construir | Fish Trap |
| 21:20 | Construir | Fish Trap |
| 21:22 | Construir | Fish Trap |
| 21:24 | Construir | Fish Trap |
| 21:26 | Construir | Fish Trap |
| 21:46 | Crear | Villager (Male) |
| 21:46 | Crear | Villager (Male) |
| 22:02 | Construir | House |
| 22:03 | Construir | House |
| 22:11 | Crear | Villager (Male) |
| 22:12 | Crear | Villager (Male) |
| 22:21 | Construir | Watch Tower |
| 22:38 | Investigar | Fletching |
| 22:40 | Crear | Villager (Male) |
| 22:40 | Crear | Villager (Male) |
| 22:40 | Crear | Villager (Male) |
| 23:00 | Crear | Villager (Male) |
| 23:00 | Crear | Villager (Male) |
| 23:07 | Construir | House |
| 23:11 | Construir | Fish Trap |
| 23:14 | Investigar | Tech 906 |
| 23:30 | Construir | House |
| 23:33 | Crear | Villager (Male) |
| 23:33 | Crear | Villager (Male) |
| 23:43 | Investigar | Elite Skirmisher (upgrade) |
| 23:48 | Investigar | Horse Collar |
| 23:54 | Construir | Watch Tower |
| 24:04 | Construir | House |
| 24:19 | Crear | Villager (Male) |
| 24:20 | Crear | Villager (Male) |
| 24:21 | Crear | Villager (Male) |
| 24:41 | Construir | Archery Range |
| 24:47 | Crear | Skirmisher |
| 24:47 | Crear | Skirmisher |
| 24:49 | Crear | Skirmisher |
| 24:55 | Construir | Farm |
| 24:58 | Construir | Farm |
| 25:04 | Crear | Skirmisher |
| 25:27 | Crear | Skirmisher |
| 25:37 | Investigar | Bodkin Arrow |
| 25:46 | Construir | Farm |
| 25:47 | Construir | Farm |
| 25:57 | Construir | University |
| 26:03 | Crear | Villager (Male) |
| 26:04 | Crear | Villager (Male) |
| 26:19 | Investigar | Padded Archer Armor |
| 27:00 | Crear | Villager (Male) |
| 27:00 | Crear | Villager (Male) |
| 27:39 | Investigar | Man-at-Arms (upgrade) |
| 27:39 | Investigar | Gambesons |
| 27:51 | Crear | Skirmisher |
| 27:51 | Crear | Skirmisher |
| 27:51 | Crear | Skirmisher |
| 28:01 | Investigar | Ballistics |
| 28:04 | Construir | Watch Tower |
| 28:12 | Crear | Skirmisher |
| 28:12 | Crear | Skirmisher |
| 28:31 | Crear | Villager (Male) |
| 28:31 | Crear | Villager (Male) |
| 28:37 | Investigar | Leather Archer Armor |
| 28:46 | Crear | Villager (Male) |
| 28:47 | Crear | Villager (Male) |
| 28:47 | Crear | Villager (Male) |
| 29:17 | Crear | Skirmisher |
| 29:17 | Crear | Skirmisher |
| 29:17 | Crear | Skirmisher |
| 29:37 | Crear | Skirmisher ×5 |
| 29:37 | Crear | Skirmisher ×5 |
Build order — JRazzz
78 acciones detectadas en el replay
| 0:11 | Construir | Town Center |
| 1:59 | Construir | Dock |
| 2:01 | Construir | House |
| 2:37 | Crear | Villager (Male) |
| 2:38 | Crear | Villager (Male) |
| 2:38 | Crear | Villager (Male) |
| 3:24 | Crear | Villager (Male) |
| 3:24 | Crear | Villager (Male) |
| 3:39 | Crear | Fishing Ship |
| 3:39 | Crear | Fishing Ship |
| 3:39 | Crear | Fishing Ship |
| 4:14 | Construir | House |
| 4:26 | Investigar | Loom |
| 5:06 | Crear | Fishing Ship |
| 5:07 | Crear | Fishing Ship |
| 5:11 | Crear | Villager (Male) |
| 5:11 | Crear | Villager (Male) |
| 5:41 | Crear | Villager (Male) |
| 5:41 | Crear | Villager (Male) |
| 6:09 | Crear | Villager (Male) |
| 6:09 | Crear | Villager (Male) |
| 6:13 | Crear | Fishing Ship |
| 6:14 | Crear | Fishing Ship |
| 6:34 | Construir | House |
| 6:41 | Crear | Villager (Male) |
| 6:52 | Crear | Villager (Male) |
| 7:17 | Crear | Villager (Male) |
| 7:18 | Crear | Villager (Male) |
| 7:29 | Crear | Fishing Ship |
| 7:55 | Crear | Villager (Male) |
| 8:00 | Crear | Fishing Ship |
| 8:04 | Construir | House |
| 8:09 | Crear | Villager (Male) |
| 8:27 | Construir | House |
| 8:48 | Crear | Villager (Male) |
| 8:55 | Construir | Lumber Camp |
| 9:10 | Crear | Villager (Male) |
| 9:19 | Crear | Fishing Ship |
| 9:20 | Crear | Fishing Ship |
| 9:20 | Crear | Fishing Ship |
| 9:22 | Crear | Villager (Male) |
| 9:38 | Crear | Villager (Male) |
| 9:55 | Crear | Villager (Male) |
| 10:02 | Crear | Fishing Ship |
| 10:04 | Crear | Villager (Male) |
| 10:29 | Crear | Fishing Ship |
| 10:35 | Construir | House |
| 10:56 | Construir | Mining Camp |
| 11:13 | Construir | Palisade Wall |
| 11:19 | Construir | Palisade Wall |
| 11:37 | Investigar | Feudal Age |
| 11:37 | Investigar | Feudal Age |
| 11:37 | Investigar | Feudal Age |
| 12:16 | Construir | Dock |
| 12:42 | Construir | Barracks |
| 13:47 | Edad | Edad Feudal |
| 13:48 | Crear | Unit 2626 |
| 13:48 | Crear | Unit 2626 |
| 13:51 | Crear | Villager (Male) |
| 13:59 | Construir | Blacksmith |
| 14:05 | Construir | Mill |
| 14:08 | Investigar | Double-Bit Axe |
| 14:10 | Crear | Villager (Male) |
| 15:07 | Crear | Villager (Male) |
| 15:12 | Construir | Market |
| 15:39 | Crear | Villager (Male) |
| 15:48 | Construir | Outpost |
| 16:49 | Investigar | Castle Age |
| 17:12 | Construir | Barracks |
| 17:46 | Construir | House |
| 17:58 | Construir | House |
| 18:40 | Construir | Archery Range |
| 18:41 | Construir | Archery Range |
| 18:57 | Investigar | Fletching |
| 19:29 | Edad | Edad de los Castillos |
| 19:44 | Crear | Unit 1952 |
| 19:44 | Crear | Unit 1952 |
| 20:28 | Crear | Unit 1952 |
Build order — OX | FIGO
Primeras 150 de 266 acciones detectadas
| 1:13 | Construir | Town Center |
| 1:36 | Construir | Dock |
| 2:14 | Construir | House |
| 3:10 | Crear | Villager (Male) |
| 3:14 | Crear | Villager (Male) |
| 3:45 | Crear | Villager (Male) |
| 3:45 | Crear | Villager (Male) |
| 3:46 | Crear | Villager (Male) |
| 3:46 | Crear | Villager (Male) |
| 4:22 | Crear | Fishing Ship |
| 4:23 | Crear | Fishing Ship |
| 4:29 | Crear | Villager (Male) |
| 4:29 | Crear | Villager (Male) |
| 4:56 | Construir | House |
| 5:24 | Crear | Fishing Ship |
| 5:24 | Crear | Fishing Ship |
| 5:47 | Crear | Villager (Male) |
| 5:48 | Crear | Villager (Male) |
| 6:05 | Crear | Fishing Ship |
| 6:05 | Crear | Fishing Ship |
| 6:21 | Crear | Villager (Male) |
| 6:21 | Crear | Villager (Male) |
| 6:48 | Crear | Villager (Male) |
| 6:48 | Crear | Villager (Male) |
| 6:58 | Construir | House |
| 7:02 | Investigar | Loom |
| 7:02 | Investigar | Loom |
| 7:04 | Crear | Fishing Ship |
| 7:05 | Crear | Fishing Ship |
| 7:05 | Crear | Fishing Ship |
| 7:35 | Crear | Villager (Male) |
| 7:36 | Crear | Villager (Male) |
| 7:36 | Crear | Villager (Male) |
| 7:37 | Crear | Villager (Male) |
| 7:45 | Crear | Fishing Ship |
| 7:45 | Crear | Fishing Ship |
| 8:05 | Crear | Villager (Male) |
| 8:05 | Crear | Villager (Male) |
| 8:05 | Crear | Villager (Male) |
| 8:28 | Crear | Villager (Male) |
| 8:28 | Crear | Villager (Male) |
| 8:38 | Construir | House |
| 8:42 | Crear | Fishing Ship |
| 8:42 | Crear | Fishing Ship |
| 9:13 | Crear | Fishing Ship |
| 9:13 | Crear | Fishing Ship |
| 9:44 | Construir | House |
| 9:46 | Crear | Villager (Male) |
| 9:46 | Crear | Villager (Male) |
| 10:13 | Crear | Villager (Male) |
| 10:23 | Construir | Lumber Camp |
| 10:57 | Investigar | Feudal Age |
| 10:59 | Crear | Fishing Ship |
| 11:57 | Construir | Dock |
| 12:07 | Construir | Mining Camp |
| 12:52 | Construir | House |
| 13:11 | Edad | Edad Feudal |
| 13:16 | Crear | Unit 2626 |
| 13:18 | Investigar | Double-Bit Axe |
| 13:19 | Crear | Villager (Male) |
| 13:31 | Construir | Dock |
| 13:36 | Crear | Villager (Male) |
| 13:40 | Construir | Blacksmith |
| 13:54 | Crear | Unit 2626 |
| 14:07 | Crear | Unit 2626 |
| 14:19 | Crear | Unit 2626 |
| 14:22 | Crear | Villager (Male) |
| 14:33 | Crear | Villager (Male) |
| 14:34 | Construir | Mill |
| 14:37 | Construir | House |
| 14:59 | Crear | Unit 2626 |
| 15:02 | Crear | Villager (Male) |
| 15:06 | Construir | Dock |
| 15:50 | Crear | Villager (Male) |
| 15:52 | Crear | Villager (Male) |
| 15:54 | Construir | House |
| 15:57 | Crear | Unit 2626 |
| 15:57 | Crear | Unit 2626 |
| 16:00 | Construir | House |
| 16:27 | Crear | Fishing Ship |
| 16:28 | Crear | Fishing Ship |
| 16:30 | Crear | Villager (Male) |
| 16:44 | Construir | Market |
| 16:45 | Crear | Villager (Male) |
| 17:24 | Crear | Villager (Male) |
| 17:32 | Construir | House |
| 17:57 | Construir | Farm |
| 17:58 | Construir | Farm |
| 17:59 | Construir | Farm |
| 18:02 | Investigar | Horse Collar |
| 18:04 | Crear | Villager (Male) |
| 18:29 | Construir | Dock |
| 18:35 | Crear | Villager (Male) |
| 18:39 | Crear | Villager (Male) |
| 18:44 | Construir | Lumber Camp |
| 19:41 | Investigar | Castle Age |
| 19:58 | Construir | Mining Camp |
| 20:08 | Investigar | Tech 906 |
| 20:08 | Investigar | Tech 906 |
| 20:10 | Construir | House |
| 20:43 | Construir | Palisade Wall |
| 20:45 | Construir | House |
| 20:50 | Construir | House |
| 20:56 | Construir | House |
| 20:58 | Construir | House |
| 21:00 | Construir | Palisade Wall |
| 21:09 | Construir | House |
| 21:11 | Construir | House |
| 21:56 | Crear | Fishing Ship |
| 21:56 | Crear | Fishing Ship |
| 21:56 | Crear | Fishing Ship |
| 22:02 | Construir | Mill |
| 22:21 | Edad | Edad de los Castillos |
| 22:24 | Construir | Town Center |
| 22:50 | Crear | Villager (Male) |
| 22:59 | Investigar | Fletching |
| 23:01 | Crear | Villager (Male) |
| 23:13 | Crear | Villager (Male) |
| 23:29 | Crear | Villager (Male) |
| 23:39 | Crear | Villager (Male) |
| 23:52 | Crear | Villager (Male) |
| 23:59 | Construir | Town Center |
| 24:01 | Investigar | Gillnets |
| 24:02 | Investigar | Gillnets |
| 24:30 | Crear | Villager (Male) |
| 24:44 | Crear | Villager (Male) |
| 24:53 | Construir | Watch Tower |
| 25:04 | Investigar | Wheelbarrow |
| 25:10 | Crear | Villager (Male) |
| 25:46 | Crear | Villager (Male) |
| 25:47 | Crear | Villager (Male) |
| 26:11 | Construir | Watch Tower |
| 27:17 | Crear | Villager (Male) |
| 27:17 | Crear | Villager (Male) |
| 27:18 | Crear | Villager (Male) |
| 27:18 | Crear | Villager (Male) |
| 28:04 | Crear | Villager (Male) |
| 28:05 | Crear | Villager (Male) |
| 28:05 | Crear | Villager (Male) |
| 28:10 | Construir | Town Center |
| 28:43 | Crear | Villager (Male) |
| 28:51 | Crear | Villager (Male) |
| 28:51 | Crear | Villager (Male) |
| 28:52 | Crear | Villager (Male) |
| 28:58 | Crear | Villager (Male) |
| 29:19 | Crear | Villager (Male) |
| 29:20 | Crear | Villager (Male) |
| 29:28 | Crear | Villager (Male) |
| 29:43 | Crear | Villager (Male) |
| 29:46 | Crear | Villager (Male) |
Build order — YouteGG_Togin_Shi
Primeras 150 de 295 acciones detectadas
| 0:29 | Construir | Town Center |
| 2:47 | Crear | Villager (Male) |
| 2:51 | Construir | House |
| 2:56 | Crear | Villager (Male) |
| 2:56 | Crear | Villager (Male) |
| 2:56 | Crear | Villager (Male) |
| 4:05 | Construir | Lumber Camp |
| 4:06 | Crear | Villager (Male) |
| 4:06 | Crear | Villager (Male) |
| 4:17 | Construir | House |
| 4:31 | Construir | House |
| 4:40 | Crear | Villager (Male) |
| 4:40 | Crear | Villager (Male) |
| 4:52 | Crear | Villager (Male) |
| 4:52 | Crear | Villager (Male) |
| 4:53 | Crear | Villager (Male) |
| 5:07 | Crear | Villager (Male) |
| 5:07 | Crear | Villager (Male) |
| 5:07 | Crear | Villager (Male) |
| 5:15 | Construir | House |
| 5:20 | Crear | Villager (Male) |
| 5:20 | Crear | Villager (Male) |
| 5:23 | Investigar | Loom |
| 5:25 | Crear | Villager (Male) |
| 5:25 | Crear | Villager (Male) |
| 5:25 | Crear | Villager (Male) |
| 5:25 | Crear | Villager (Male) |
| 5:47 | Crear | Villager (Male) |
| 5:48 | Crear | Villager (Male) |
| 5:52 | Construir | House |
| 6:06 | Construir | House |
| 6:10 | Crear | Villager (Male) |
| 6:10 | Crear | Villager (Male) |
| 6:10 | Crear | Villager (Male) |
| 6:12 | Crear | Villager (Male) |
| 6:13 | Crear | Villager (Male) |
| 7:23 | Crear | Villager (Male) |
| 7:24 | Crear | Villager (Male) |
| 7:40 | Crear | Villager (Male) |
| 7:40 | Crear | Villager (Male) |
| 7:40 | Crear | Villager (Male) |
| 7:57 | Crear | Villager (Male) |
| 8:07 | Crear | Villager (Male) |
| 8:30 | Crear | Villager (Male) |
| 8:48 | Crear | Villager (Male) |
| 9:25 | Crear | Villager (Male) |
| 9:34 | Crear | Villager (Male) |
| 9:59 | Construir | House |
| 10:35 | Crear | Villager (Male) |
| 10:37 | Construir | House |
| 10:44 | Construir | House |
| 10:54 | Crear | Villager (Male) |
| 11:01 | Construir | House |
| 11:21 | Crear | Villager (Male) |
| 11:30 | Construir | Mill |
| 11:36 | Crear | Villager (Male) |
| 11:39 | Crear | Villager (Male) |
| 11:43 | Crear | Villager (Male) |
| 12:12 | Crear | Villager (Male) |
| 12:25 | Crear | Villager (Male) |
| 12:50 | Construir | Mining Camp |
| 12:54 | Investigar | Feudal Age |
| 12:59 | Investigar | Feudal Age |
| 13:21 | Crear | Villager (Male) |
| 13:36 | Construir | Palisade Gate |
| 13:42 | Construir | Barracks |
| 13:49 | Construir | House |
| 14:37 | Crear | Villager (Male) |
| 14:44 | Construir | Palisade Wall |
| 15:06 | Crear | Villager (Male) |
| 15:11 | Construir | Palisade Wall |
| 15:22 | Edad | Edad Feudal |
| 15:23 | Crear | Villager (Male) |
| 15:28 | Construir | Stable |
| 15:34 | Construir | Blacksmith |
| 16:05 | Investigar | Double-Bit Axe |
| 16:18 | Construir | House |
| 16:19 | Construir | House |
| 16:22 | Investigar | Castle Age |
| 16:23 | Investigar | Castle Age |
| 16:52 | Investigar | Horse Collar |
| 17:09 | Construir | House |
| 17:35 | Investigar | Stone Mining |
| 17:38 | Crear | Villager (Male) |
| 18:00 | Investigar | Fletching |
| 18:10 | Crear | Villager (Male) |
| 18:19 | Construir | Palisade Gate |
| 19:02 | Edad | Edad de los Castillos |
| 19:12 | Construir | Castle |
| 19:28 | Crear | Villager (Male) |
| 19:35 | Construir | Town Center |
| 19:40 | Investigar | Bow Saw |
| 19:49 | Construir | Mill |
| 20:18 | Crear | Villager (Male) |
| 20:19 | Crear | Villager (Male) |
| 20:40 | Crear | Villager (Male) |
| 20:42 | Construir | Farm |
| 20:43 | Construir | Farm |
| 20:45 | Construir | Farm |
| 20:47 | Construir | Farm |
| 20:49 | Construir | Farm |
| 20:50 | Construir | Farm |
| 20:51 | Crear | Mangudai |
| 20:52 | Crear | Mangudai |
| 20:52 | Crear | Mangudai |
| 21:05 | Construir | Palisade Gate |
| 21:08 | Construir | House |
| 21:14 | Crear | Villager (Male) |
| 21:15 | Crear | Villager (Male) |
| 21:16 | Construir | Farm |
| 21:18 | Crear | Villager (Male) |
| 21:33 | Construir | House |
| 21:37 | Crear | Mangudai |
| 21:42 | Crear | Villager (Male) |
| 21:46 | Construir | Farm |
| 21:56 | Investigar | Bodkin Arrow |
| 21:57 | Crear | Mangudai |
| 21:57 | Crear | Mangudai |
| 22:07 | Crear | Mangudai |
| 22:20 | Crear | Mangudai |
| 22:27 | Crear | Villager (Male) |
| 22:30 | Crear | Villager (Male) |
| 22:41 | Crear | Mangudai |
| 23:02 | Crear | Mangudai |
| 23:03 | Crear | Villager (Male) |
| 23:04 | Crear | Villager (Male) |
| 23:07 | Construir | House |
| 23:21 | Crear | Mangudai |
| 23:35 | Investigar | Padded Archer Armor |
| 23:37 | Crear | Villager (Male) |
| 23:45 | Crear | Villager (Male) |
| 23:46 | Crear | Villager (Male) |
| 23:50 | Construir | Farm |
| 23:52 | Crear | Mangudai |
| 24:00 | Crear | Villager (Male) |
| 24:08 | Construir | House |
| 24:10 | Investigar | Wheelbarrow |
| 24:11 | Crear | Villager (Male) |
| 24:12 | Crear | Villager (Male) |
| 24:23 | Construir | Town Center |
| 24:24 | Crear | Villager (Male) |
| 24:26 | Construir | Farm |
| 24:55 | Construir | Archery Range |
| 24:56 | Construir | House |
| 24:57 | Crear | Villager (Male) |
| 25:35 | Crear | Mangudai |
| 25:35 | Crear | Mangudai |
| 25:37 | Crear | Villager (Male) |
| 25:41 | Crear | Villager (Male) |
| 25:43 | Construir | Farm |
Cronología de la partida
| 1:11 | Jjota · first_building Dock |
| 1:21 | feren · first_building Dock |
| 1:25 | DiegoRosi · first_building Dock |
| 1:36 | OX | FIGO · first_building Dock |
| 1:48 | miki_bb · first_building Dock |
| 1:55 | [ADV] La Promesa · first_building Dock |
| 1:59 | JRazzz · first_building Dock |
| 10:38 | [ADV] La Promesa · first_building Barracks |
| 11:13 | JRazzz · wall_segment Palisade Wall x1 |
| 11:19 | JRazzz · wall_segment Palisade Wall x1 |
| 11:33 | [ADV] La Promesa · age_up feudal |
| 11:45 | [ADV] La Promesa · first_building Stable |
| 12:08 | [ADV] La Promesa · wall_segment Palisade Wall x3 |
| 12:42 | JRazzz · first_building Barracks |
| 12:46 | feren · age_up feudal |
| 12:50 | miki_bb · age_up feudal |
| 13:09 | [ADV] La Promesa · wall_segment Palisade Wall x6 |
| 13:11 | OX | FIGO · age_up feudal |
| 13:12 | DiegoRosi · age_up feudal |
| 13:32 | Jjota · age_up feudal |
| 13:42 | YouteGG_Togin_Shi · first_building Barracks |
| 13:46 | miki_bb · wall_segment Palisade Wall x1 |
| 13:47 | JRazzz · age_up feudal |
| 14:30 | [ADV] La Promesa · wall_segment Palisade Wall x4 |
| 14:44 | YouteGG_Togin_Shi · wall_segment Palisade Wall x9 |
| 14:46 | Jjota · first_market_sell 100 food |
| 15:00 | DiegoRosi · first_building Barracks |
| 15:11 | YouteGG_Togin_Shi · wall_segment Palisade Wall x5 |
| 15:22 | YouteGG_Togin_Shi · age_up feudal |
| 15:28 | YouteGG_Togin_Shi · first_building Stable |
| 15:42 | miki_bb · wall_segment Palisade Wall x4 |
| 16:05 | miki_bb · wall_segment Palisade Wall x3 |
| 16:06 | miki_bb · wall_segment Palisade Wall x3 |
| 16:09 | miki_bb · wall_segment Palisade Wall x1 |
| 16:31 | JRazzz · first_market_buy 100 food |
| 16:39 | DiegoRosi · first_market_buy 100 wood |
| 16:41 | JRazzz · first_market_sell 100 stone |
| 16:43 | DiegoRosi · first_building Stable |
| 16:50 | [ADV] La Promesa · wall_segment Palisade Wall x5 |
| 17:11 | Jjota · first_market_buy 100 stone |
| 17:14 | DiegoRosi · age_up castle |
| 17:17 | Jjota · wall_segment Palisade Wall x1 |
| 17:25 | feren · first_market_sell 100 wood |
| 17:30 | miki_bb · first_market_sell 100 food |
| 17:31 | DiegoRosi · first_market_sell 100 food |
| 17:31 | miki_bb · first_market_buy 100 stone |
| 17:35 | Jjota · age_up castle |
| 17:38 | miki_bb · age_up castle |
| 17:43 | miki_bb · first_building Castle |
| 17:49 | [ADV] La Promesa · wall_segment Palisade Wall x7 |
| 17:51 | [ADV] La Promesa · wall_segment Palisade Wall x3 |
| 18:11 | [ADV] La Promesa · wall_segment Palisade Wall x11 |
| 18:40 | JRazzz · first_building Archery Range |
| 18:41 | Jjota · first_building Castle |
| 18:52 | Jjota · wall_segment Palisade Wall x1 |
| 19:02 | YouteGG_Togin_Shi · age_up castle |
| 19:12 | YouteGG_Togin_Shi · first_building Castle |
| 19:18 | [ADV] La Promesa · wall_segment Palisade Wall x7 |
| 19:21 | [ADV] La Promesa · wall_segment Palisade Wall x12 |
| 19:29 | JRazzz · age_up castle |
| 19:48 | feren · first_building Barracks |
| 20:07 | feren · age_up castle |
| 20:08 | miki_bb · first_building Donjon |
| 20:27 | DiegoRosi · first_building Siege Workshop |
| 20:32 | feren · first_building Archery Range |
| 20:43 | OX | FIGO · wall_segment Palisade Wall x1 |
| 21:00 | OX | FIGO · wall_segment Palisade Wall x1 |
| 21:15 | [ADV] La Promesa · wall_segment Palisade Wall x3 |
| 21:42 | JRazzz · resign |
| 22:02 | [ADV] La Promesa · age_up castle |
| 22:21 | OX | FIGO · age_up castle |
| 22:36 | feren · first_market_buy 100 food |
| 24:55 | YouteGG_Togin_Shi · first_building Archery Range |
| 25:52 | OX | FIGO · first_market_sell 100 food |
| 25:55 | OX | FIGO · first_market_buy 100 stone |
| 26:01 | DiegoRosi · first_building Monastery |
| 26:32 | [ADV] La Promesa · first_building Castle |
| 26:58 | miki_bb · first_building Barracks |
| 27:14 | YouteGG_Togin_Shi · first_building Monastery |
| 29:41 | miki_bb · first_building Monastery |
| 31:56 | Jjota · wall_segment Palisade Wall x1 |
| 32:20 | Jjota · wall_segment Palisade Wall x1 |
| 34:08 | DiegoRosi · age_up imperial |
| 34:36 | YouteGG_Togin_Shi · first_building Siege Workshop |
| 34:40 | Jjota · first_building Barracks |
| 35:19 | YouteGG_Togin_Shi · wall_segment Stone Wall x9 |
| 35:41 | YouteGG_Togin_Shi · wall_segment Stone Wall x4 |
| 36:18 | feren · first_building Siege Workshop |
| 36:54 | OX | FIGO · first_building Castle |
| 38:20 | Jjota · age_up imperial |
[ ANÁLISIS IA · 1 CRÉDITO ]
¿Qué pasó realmente en esta partida?
Wolo.gg analiza cada decisión: build order, eco, micro, errores típicos por bracket. Análisis personalizado por WhatsApp o Discord en 30 segundos.
Guía civ
Sicilianos
Perfil
miki_bb /VL/